cohdb
Replays
Latest Replays
All Replays
Popular Replays
Top Player Replays
Match Explorer
How It Works
Community
CoH3 Stats
Reddit
Sign in to upload your games and track your stats! →
Sign in with Steam
Match 44945661
Unlisted
Match 44945661
Overview
Messages
Build Orders
End
Kettenkrad Recon Vehicle
Construct Infanterie Kompanie
Grenadier Squad
MG 42 Machine Gun Team
Grenadier Squad
Construct Luftwaffe Kompanie
221 Scout Car
Selects Breakthrough Battlegroup
Pioneer Squad
Support Elements
Medical Station
Selects 2.5-tonne Cargo Truck
2.5-tonne Cargo Truck
MG 42 Machine Gun Team
Marder III M Tank Destroyer
Jäger Squad
Selects Blitzkrieg
Selects Assault Grenadiers
Selects Smoke Bombing Run
Construct Panzergrenadier Kompanie
Smoke Bombing Run
Grenadier Squad
Selects Mechanized Assault Group
Smoke Bombing Run
Mechanized Assault Group
Construct Panzer Kompanie
Panzergrenadier Squad
Pak 40 Anti-tank Gun Team
Nebelwerfer 42 Rocket Launcher Team
MG 42 Bunker
Selects Tiger Heavy Tank
Tiger Heavy Tank
Pak 40 Anti-tank Gun Team
Panzergrenadier Squad
Smoke Bombing Run
Tiger Heavy Tank
CnoHcop_KBH
Nikki05
Guru
Karl Müller
0
0
Comments
sign in to comment!
No comments posted yet!